 Dungeon Crawl Stone Soup version 0.31.0-12-g77e489cdc1 (webtiles) character file.

Game seed: 6046855318050660625

25 Doomgape the Shield-Bearer (level 2, -7/29 HPs)
             Began as a Troll Fighter on Mar 4, 2024.
             Mangled by a gnoll
             ... wielding a +0 halberd of distortion
              (12 damage)
             ... on level 2 of the Dungeon.
             The game lasted 00:01:43 (921 turns).

Doomgape the Shield-Bearer (Troll Fighter)           Turns: 921, Time: 00:01:43

Health: -7/29      AC:  4    Str: 23    XL:     2   Next: 86%
Magic:  1/1        EV:  8    Int:  4    God:
Gold:   36         SH:  7    Dex:  9    Spells: 1/1 levels left

rFire   . . .        a - +0 flail
rCold   . . .        c - +0 kite shield
rNeg    . . .        b - +0 robe
rPois   .            (helmet restricted)
rElec   .            (no cloak)
rCorr   .            (gloves unavailable)
SInv    .            (boots unavailable)
Will    .....        (no amulet)
Stlth   +            (no ring)
HPRegen 1.04/turn    (no ring)
MPRegen 0.07/turn

%: no passive effects
@: no status effects
A: large, unfitting armour, claws 3, regeneration 1, shaggy fur 1, tough skin 1
a: no special abilities


You were on level 2 of the Dungeon.
You visited 1 branch of the dungeon, and saw 2 of its levels.

You collected 36 gold pieces.

Inventory:

Hand Weapons
 a - a +0 flail (weapon)
Armour
 b - a +0 robe (worn)
 c - a +0 kite shield (worn)
Jewellery
 h - a ring of flight
Scrolls
 e - a scroll of amnesia {unknown}
 g - a scroll of brand weapon {unknown}
 i - a scroll of enchant armour {unknown}
Potions
 d - a potion of might
 f - a potion of berserk rage {unknown}
 j - a potion of enlightenment {unknown}
 k - a potion of curing {unknown}


   Skills:
 + Level 2.6 Fighting
 + Level 2.1 Maces & Flails
 + Level 2.7 Dodging
 + Level 3.0 Shields


You had one spell level left.
You didn't know any spells.
Your spell library was empty.

Dungeon Overview and Level Annotations

Branches:
Dungeon (2/15)

Altars:


Innate Abilities, Weirdness & Mutations

You are too large for most types of armour.
You have claws for hands.
Your natural rate of healing is unusually fast.
You are covered in fur. (AC +1)
You have tough skin. (AC +1)


Message History

You closely miss the gnoll. The gnoll hits you but does no damage.
You hit the gnoll.
The gnoll is moderately wounded.
The gnoll hits you with a +0 whip.
You barely miss the gnoll. You block the gnoll's attack.
You thump the gnoll!
The gnoll is severely wounded.
The gnoll hits you with a +0 club. The gnoll misses you.
You barely miss the gnoll.
The gnoll is severely wounded.
The gnoll hits you but does no damage.
You hit the gnoll.
The gnoll is severely wounded.
You block the gnoll's attack.
You closely miss the gnoll.
The gnoll is severely wounded.
The gnoll hits you with a +0 club! You block the gnoll's attack.
You barely miss the gnoll.
The gnoll is severely wounded.
You block the gnoll's attack.
Unknown command.
You barely miss the gnoll.
The gnoll is severely wounded.
The gnoll barely misses you. x2
You hit the gnoll.
You kill the gnoll!
Your Shields skill increases to level 3!
You barely miss the gnoll.
The gnoll is moderately wounded.
The gnoll hits you with a +0 whip. You block the gnoll's attack.
The gnoll hits you with a +0 whip.
The gnoll hits you from afar with a +0 halberd of distortion.
Space warps horribly around you!
Unknown command.
You hit the gnoll but do no damage.
The gnoll is moderately wounded.
The gnoll hits you with a +0 whip.
* * * LOW HITPOINT WARNING * * *
The gnoll hits you from afar with a +0 halberd of distortion!
You die...

#.......# ##. #.......#
#.. .###.......# #.#
...........# #.########
...........#####.#......#
..............##.#......#
#########g###.#..#......#
#g# #....'......# #@#
###.##......#
#.......##......#
######..##......##
...###†#####. #.#.#
#.#####. #^#.# #.....#.
..#.# #####.## #.## #...


You could see 2 gnolls.

Vanquished Creatures
  A gnoll (D:2)
  A dart slug (D:1)
  2 bats (D:1)
  A hobgoblin (D:1)
  3 kobolds (D:1)
  A quokka (D:1)
  2 ball pythons (D:1)
  A frilled lizard (D:2)
  2 rats (D:1)
14 creatures vanquished.

Notes
Turn   | Place    | Note
-------+----------+-------------------------------------------
     0 | D:1      | Doomgape the Troll Fighter began the quest for the Orb.
     0 | D:1      | Reached XP level 1. HP: 22/22 MP: 0/0
   279 | D:1      | Reached XP level 2. HP: 29/29 MP: 1/1
   920 | D:2      | Reached skill level 3 in Shields
   921 | D:2      | Mangled by a gnoll

Illustrated notes

Levels and vault maps discovered:
D:1:      dpeg_arrival_water_fire, layout_loops_ring
D:2:      layout_basic, minmay_misc_feat_nine_boxes, uniq_sigmund

Skill      XL: |  1  2 |
---------------+-------+-----
Maces & Flails | 2 |  2.1
Shields        | 3 |  3.0
Fighting       | |  2.6
Dodging        | |  2.7

Action                     || total
---------------------------++-------
  Melee: Flail             ||    69
 Armour: Robe              ||    48
  Dodge: Dodged            ||    35
  Block: Kite shield       ||    40
